 Dungeon Crawl Stone Soup version 0.31-a0-187-gba352fbbf7 (webtiles) character file.

Game seed: 5716890796785909388

1213 qw the Skirmisher (level 8, -1/44 HPs)
             Began as a Deep Elf Hunter on June 22, 2023.
             Was a Follower of Okawaru.
             Succumbed to a killer bee's poison
             ... on level 7 of the Dungeon.
             The game lasted 00:01:42 (4161 turns).

qw the Skirmisher (Deep Elf Hunter)                 Turns: 4161, Time: 00:01:43

Health: -1/44      AC:  7    Str: 10    XL:     8   Next: 22%
Magic:  11/13      EV: 20    Int: 15    God:    Okawaru [*.....]
Gold:   441        SH:  0    Dex: 22    Spells: 7/7 levels left

rFire   . . .        Y - +1 orcbow
rCold   . . .        (shield currently unavailable)
rNeg    . . .        f - +0 robe of Recsyth {Regen+ Dex+4}
rPois   .            e - +0 helmet
rElec   .            (no cloak)
rCorr   .            (no gloves)
SInv    .            (no boots)
Will    +....        (no amulet)
Stlth   ++++         b - ring of willpower
HPRegen 1.07/turn    q - +4 ring of protection
MPRegen 0.13/turn

%: no passive effects
@: lethally poisoned (-1 -> -27), about to teleport, heroic
A: no striking features
a: Renounce Religion, Heroism


You were on level 7 of the Dungeon.
You worshipped Okawaru.
Okawaru was aware of your devotion.
You visited 2 branches of the dungeon, and saw 8 of its levels.

You collected 441 gold pieces.


   Skills:
 - Level 2.1(7.1) Fighting
 + Level 11.7(16.7) Ranged Weapons
 - Level 5.0(10.0) Dodging
 - Level 1.2(6.2) Stealth
 - Level 4.1 Invocations


You had 7 spell levels left.
You didn't know any spells.
Your spell library was empty.

Inventory:

Hand Weapons
 Y - a +1 orcbow (weapon)
Armour
 e - a +0 helmet (worn)
 f - the +0 robe of Recsyth (worn) {Regen+ Dex+4}
   (You found it on level 2 of the Dungeon)

   Dex:       It affects your dexterity (+4).
   Regen:     It increases your rate of health regeneration.
Jewellery
 b - a ring of willpower (left hand)
 q - a +4 ring of protection (right hand)
Scrolls
 g - a scroll of identify
Potions
 a - 3 potions of cancellation
 d - 3 potions of curing
 h - a potion of might
 i - a potion of resistance
 j - a potion of attraction {unknown}
 k - a potion of mutation {unknown}
 m - a potion of enlightenment {unknown}

Dungeon Overview and Level Annotations

Branches:
Dungeon (7/15)             Temple (1/1) D:4

Altars:
Ashenzari
Dithmenos
Elyvilon
Gozag
Hepliaklqana
Kikubaaqudgha
Nemelex Xobeh
Okawaru
Qazlal
Ru
Sif Muna
Trog
Uskayaw
Vehumet
Wu Jian
Zin

Annotations:
D:3 2 transporters, qw's ghost, amateur DEHu
D:7 1 runed translucent door


Message History

The killer bee barely misses you.
You shoot an arrow.
The arrow closely misses the killer bee.
You feel sick. The killer bee stings you. The killer bee stings you!
You are more poisoned.
The killer bee poisons you!
The killer bee stings you but does no damage.
The killer bee stings you.
You are more poisoned.
The killer bee poisons you! The killer bee misses you.
The killer bee stings you but does no damage.
The killer bee closely misses you. The killer bee barely misses you.
4159 ||| INVOKING Heroism.
You gain the combat prowess of a mighty hero.
You feel very sick. The killer bee barely misses you.
The killer bee stings you.
You are more poisoned.
The killer bee poisons you!
The killer bee stings you but does no damage.
The killer bee misses you.
A hound comes into view.
The killer bee closely misses you.
The killer bee stings you but does no damage.
The killer bee closely misses you. The killer bee completely misses you.
You shoot an arrow. The arrow misses the killer bee.
The hound barks!
You feel very sick. The killer bee closely misses you.
The killer bee misses you. The killer bee barely misses you.
The killer bee stings you but does no damage.
The killer bee stings you!
You are more poisoned.
The killer bee poisons you! The killer bee stings you.
You are more poisoned.
The killer bee poisons you! The killer bee closely misses you.
The killer bee stings you but does no damage.
4161 ||| READING scroll of teleportation.
As you read the scroll of teleportation, it crumbles to dust.
You feel strangely unstable.
You die...

.#...............<.....#
.#.#.####....>.........#
.......##..###...##....#
.#.#.#.#...............#
...#.....(.###...##..#.#
.###.......# #.........#
.###.###...# #...##..#.#
...... .....##...##...##
.......>.......y@##....#
.....##.....##YyyyZ....#
............##..y###...#
...... .........#p#...#
..>#. .#....#+#...# ...#
.. #....[.....# #..# #
h.8.#####.8. ...##
...####


You could see a human, an ice beast, a hound, 5 killer bees and a human
skeleton.

Vanquished Creatures
  3 ice beasts
  An ogre (D:6)
  2 centaurs
  A bullfrog (D:6)
  2 scorpions
  A howler monkey (D:5)
  An orc priest (D:7)
  4 hounds
  A sleepcap (D:7)
  A gnoll bouda (D:5)
  2 iguanas (D:6)
  An orc wizard (D:7)
  6 gnolls (D:5)
  2 adders
  3 white imps
  2 worms
  4 dart slugs
  9 orcs
  4 ball pythons
  3 endoplasms
  5 giant cockroaches
  8 goblins
  4 hobgoblins
  8 jackals
  2 quokkas
  7 bats
  5 frilled lizards
  7 kobolds
  5 rats
104 creatures vanquished.

Notes
Turn   | Place    | Note
-------+----------+-------------------------------------------
     0 | D:1      | qw the Deep Elf Hunter began the quest for the Orb.
     0 | D:1      | Reached XP level 1. HP: 12/12 MP: 3/3
     0 | D:1      | 0 ||| qw: Version: 0.3-a-9-g12657ce
     0 | D:1      | 0 ||| qw: Game counter: 2385
     0 | D:1      | 0 ||| qw: Always use a shield: true
     0 | D:1      | 0 ||| qw: God list: Okawaru
     0 | D:1      | 0 ||| qw: Allow faded altars: false
     0 | D:1      | 0 ||| qw: Do Orc after D:15 true
     0 | D:1      | 0 ||| qw: Do second Lair branch before Depths: true
     0 | D:1      | 0 ||| qw: Lair rune preference: random
     0 | D:1      | 0 ||| qw: Plans: Normal
     0 | D:1      | 0 ||| PLANNING D:1-11
    67 | D:1      | You fall into a shaft and drop 1 floor!
    68 | D:2      | 68 ||| DROPPING scroll of butterflies.
    72 | D:2      | 72 ||| FLEEEEING.
    73 | D:2      | 73 ||| FLEEEEING.
    74 | D:2      | 74 ||| FLEEEEING.
    75 | D:2      | 75 ||| STAIRDANCE
   253 | D:1      | Reached skill level 6 in Ranged Weapons
   253 | D:1      | Reached XP level 2. HP: 16/16 MP: 4/4
   275 | D:1      | 275 ||| FLEEEEING.
   276 | D:1      | 276 ||| FLEEEEING.
   277 | D:1      | 277 ||| FLEEEEING.
   461 | D:1      | 461 ||| UPGRADING to +0 ring mail.
   471 | D:1      | 471 ||| DROPPING +0 leather armour.
   472 | D:1      | 472 ||| READING scroll labelled OMYSIU ZANGEF.
   501 | D:2      | Reached XP level 3. HP: 20/20 MP: 5/5
   559 | D:2      | Reached skill level 7 in Ranged Weapons
   594 | D:2      | Identified the +0 robe of Recsyth {Regen+ Dex+4}
  1072 | D:2      | 1072 ||| DROPPING scarf of harm.
  1073 | D:2      | 1073 ||| UPGRADING to +0 robe of Recsyth {Regen+ Dex+4}.
  1083 | D:2      | 1083 ||| DROPPING +0 ring mail.
  1084 | D:2      | 1084 ||| READING scroll labelled VIRRECZIGE.
  1185 | D:2      | 1185 ||| READING scroll labelled NASIOPL GYTH.
  1186 | D:2      | 1186 ||| READING 2 scrolls of identify.
  1186 | D:2      | 1186 ||| IDENTIFYING glowing yellow potion
  1187 | D:2      | 1187 ||| DROPPING potion of magic.
  1194 | D:3      | Found a transporter.
  1194 | D:3      | Noticed qw's ghost (amateur DEHu)
  1222 | D:3      | Found a transporter.
  1398 | D:3      | Reached XP level 4. HP: 25/25 MP: 6/6
  1419 | D:3      | Found an opulent altar of Gozag.
  1490 | D:3      | 1490 ||| READING scroll labelled MEMUAR NOAZA.
  1605 | D:4      | Noticed a centaur
  1610 | D:4      | Killed a centaur
  1611 | D:4      | Reached XP level 5. HP: 28/29 MP: 7/7
  1621 | D:4      | 1621 ||| SWAPPING to +0 orcbow.
  1624 | D:4      | 1624 ||| DROPPING +0 shortbow.
  1630 | D:4      | Found a broken altar of Ashenzari.
  1945 | D:4      | Reached skill level 8 in Ranged Weapons
  2023 | D:4      | Found a staircase to the Ecumenical Temple.
  2024 | D:4      | 2024 ||| PLANNING TEMPLE
  2024 | D:4      | 2024 ||| UPGRADING to ring of willpower.
  2025 | D:4      | 2025 ||| READING scroll labelled KACEXK COPLA.
  2026 | D:4      | 2026 ||| READING scroll labelled ZOTHRE DAOHILO.
  2027 | D:4      | 2027 ||| READING scroll labelled PYNEOJ MIFI.
  2032 | D:4      | 2032 ||| DRINKING 2 lumpy puce potions.
  2033 | D:4      | 2033 ||| READING 2 scrolls of identify.
  2033 | D:4      | 2033 ||| IDENTIFYING emerald potion
  2069 | Temple   | Entered the Ecumenical Temple
  2103 | Temple   | 2103 ||| PLANNING OKAWARU WORSHIP
  2182 | Temple   | Became a worshipper of Warmaster Okawaru
  2183 | Temple   | 2183 ||| PLANNING D:1-11
  2411 | D:4      | 2411 ||| READING scroll labelled ANUSOUNAAB.
  2425 | D:5      | Entered Level 5 of the Dungeon
  2466 | D:5      | Found a stormy altar of Qazlal.
  2520 | D:5      | Noticed an ice beast
  2531 | D:5      | Killed an ice beast
  2532 | D:5      | Reached XP level 6. HP: 19/34 MP: 8/8
  2583 | D:5      | Reached skill level 9 in Ranged Weapons
  2587 | D:5      | Reached * piety under Okawaru
  2645 | D:5      | 2645 ||| INVOKING Heroism.
  2647 | D:5      | Reached skill level 1 in Invocations
  2660 | D:5      | 2660 ||| INVOKING Heroism.
  2914 | D:5      | Reached XP level 7. HP: 40/40 MP: 10/10
  3204 | D:5      | 3204 ||| UPGRADING to +0 helmet.
  3209 | D:5      | 3209 ||| DROPPING ring of wizardry.
  3210 | D:5      | 3210 ||| READING 2 scrolls of identify.
  3210 | D:5      | 3210 ||| IDENTIFYING silvery potion
  3300 | D:6      | Reached skill level 3 in Invocations
  3351 | D:6      | Found a sacrificial altar of Ru.
  3367 | D:6      | 3367 ||| INVOKING Heroism.
  3370 | D:6      | Reached skill level 10 in Ranged Weapons
  3412 | D:6      | 3412 ||| FLEEEEING.
  3413 | D:6      | 3413 ||| FLEEEEING.
  3415 | D:6      | 3415 ||| FLEEEEING.
  3598 | D:6      | Reached ** piety under Okawaru
  3599 | D:6      | Reached skill level 11 in Ranged Weapons
  3599 | D:6      | Reached XP level 8. HP: 39/44 MP: 13/13
  3875 | D:6      | 3875 ||| UPGRADING to +4 ring of protection.
  3876 | D:6      | 3876 ||| READING scroll labelled GEBBAT HAUR.
  3877 | D:6      | 3877 ||| READING scroll labelled YLOCUU GASYEWK.
  3878 | D:6      | 3878 ||| READING scroll labelled AGAGRU HETEKH.
  3879 | D:6      | 3879 ||| READING scroll labelled LAFESH GYHIU.
  3880 | D:6      | 3880 ||| READING 2 scrolls of identify.
  3880 | D:6      | 3880 ||| IDENTIFYING red potion
  3981 | D:7      | 3981 ||| INVOKING Heroism.
  4149 | D:7      | Found a runed translucent door.
  4159 | D:7      | 4159 ||| INVOKING Heroism.
  4160 | D:7      | HP: 10/44 [killer bee (7)]
  4161 | D:7      | 4161 ||| READING scroll of teleportation.
  4161 | D:7      | Succumbed to a killer bee's poison

Levels and vault maps discovered:
D:1:      saegor_arrival_simple_e, layout_basic
D:2:      layout_basic, minmay_ruptured
D:3:      layout_rooms, lemuel_round_altar, gammafunk_ghost_mausoleum
D:4:      layout_loops_ring, lemuel_tele_altar, minmay_temple_entry_mist,
          nicolae_eternal_life
D:5:      layout_basic, grunt_qazlal_sundering, reono_crystal_passage,
          nicolae_grassy_gnolls
D:6:      layout_loops_ring, mainiacjoe_overflow_paths
D:7:      layout_basic, dk_yredelemnul_ordeal
Temple:   nicolae_temple_godzebo

Skill      XL: |  1  2  3  4  5  6  7  8 |
---------------+-------------------------+-----
Ranged Weapons | 6 7 8 9 11 | 11.7
Dodging        | 4 5 |  5.0
Fighting       | 2 |  2.1
Invocations    | 2 4 |  4.1
Stealth        | |  1.2

Action                     |  1- 3 |  4- 6 |  7- 9 || total
---------------------------+-------+-------+-------++-------
   Fire: Shortbow          |   120 |    13 |       ||   133
         Orcbow            |       |    97 |    81 ||   178
 Invoke: Heroism           |       |     2 |     3 ||     5
    Use: Scroll            |     4 |     6 |     7 ||    17
         Potion            |       |     1 |       ||     1
 Armour: Leather armour    |     2 |       |       ||     2
         Ring mail         |    20 |       |       ||    20
         Robe              |     1 |     4 |     6 ||    11
  Dodge: Dodged            |    42 |    49 |    24 ||   115

Table legend:
 A = Non-vault XP
 B = Vault XP
 C = Vault XP percentage of total XP
 D = Non-vault monster count
 E = Vault monster count
 F = Vault count percentage of total count
                 A         B        C        D         E       F
            +---------+---------+-------+---------+---------+-------
      Total |    1648 |      85 |   4.9 |      98 |       6 |   5.8
            +---------+---------+-------+---------+---------+-------
        D:1 |      36 |       0 |   0.0 |      21 |       0 |   0.0
        D:2 |      45 |       4 |   8.2 |      17 |       2 |  10.5
        D:3 |      17 |       0 |   0.0 |      11 |       0 |   0.0
        D:4 |     203 |       0 |   0.0 |      17 |       0 |   0.0
        D:5 |     521 |      81 |  13.5 |      12 |       4 |  25.0
        D:6 |     682 |       0 |   0.0 |      10 |       0 |   0.0
        D:7 |     144 |       0 |   0.0 |      10 |       0 |   0.0
            +---------+---------+-------+---------+---------+-------
